 Dungeon Crawl Stone Soup version 0.28-a0-1190-g77e1c55843 (webtiles) character file.

Game seed: 9704951641855589419

2709 RepHenryClay the Nimble (level 9, 0/45 HPs)
             Began as a Deep Elf Conjurer on Dec 18, 2021.
             Shot with an arrow by a centaur warrior (28 damage)
             ... on level 9 of the Dungeon.
             The game lasted 00:13:20 (7941 turns).

RepHenryClay the Nimble (Deep Elf Conjurer)         Turns: 7941, Time: 00:13:21

Health: 0/45       AC:  3    Str:  4    XL:     9   Next: 39%
Magic:  30/30      EV: 16    Int: 26    God:
Gold:   201        SH:  5    Dex: 15    Spells: 13/22 levels left

rFire   . . .      SeeInvis .   q - +1 whip (holy)
rCold   . . .      Faith    .   b - +0 buckler
rNeg    . . .      Spirit   .   a - +0 robe
rPois   +          Reflect  .   (no helmet)
rElec   .          Harm     .   t - scarf {+Inv}
rCorr   .          Rampage  .   s - +0 pair of gloves
Will    .....                   (no boots)
Stlth   ++........              (no amulet)
HPRegen 0.15/turn               x - ring of magical power
MPRegen 0.22/turn               m - ring of poison resistance

@: no status effects
A: no striking features
a: Evoke Invisibility


You were on level 9 of the Dungeon.
You visited 1 branch of the dungeon, and saw 8 of its levels.

You collected 201 gold pieces.

Inventory:

Hand Weapons
 q - a +1 whip of holy wrath (weapon)
Armour
 a - a +0 robe (worn)
 b - a +0 buckler (worn)
 s - a +0 pair of gloves (worn)
 t - a scarf of invisibility (worn)
Jewellery
 g - a ring of flight
 k - a ring of resist corrosion
 m - a ring of poison resistance (right hand)
 x - a ring of magical power (left hand)
Wands
 d - a wand of polymorph (6)
Scrolls
 c - a scroll of noise
 h - 2 scrolls of teleportation {unknown}
 n - 2 scrolls of fog {unknown}
 o - 4 scrolls of identify {unknown}
 r - a scroll of amnesia {unknown}
 v - 3 scrolls of fear {unknown}
Potions
 e - 4 potions of curing {unknown}
 i - 2 potions of brilliance {unknown}
 j - 3 potions of degeneration {unknown}
 l - 2 potions of lignification {unknown}
 p - a potion of heal wounds {unknown}
 u - a potion of mutation {unknown}
 w - a potion of might {unknown}


   Skills:
 - Level 8.7 Dodging
 - Level 2.4 Stealth
 - Level 5.0 Shields
 - Level 7.1 Spellcasting
 - Level 8.1 Conjurations
 + Level 4.1 Translocations


You had 13 spell levels left.
You knew the following spells:

 Your Spells              Type           Power      Damage    Failure   Level
a - Magic Dart            Conj           100%       1d8       1%          1
b - Searing Ray           Conj           100%       2d8       1%          2
c - Iskenderun's Mystic   Conj/Tloc      41%        2d9       4%          4
Q - Blink                 Tloc           62%        N/A       1%          2

Your spell library contained the following spells:

 Spells                   Type           Power      Damage    Failure   Level
 Dazzling Flash           Conj/Hex       60%        N/A       3%          3
 Fulminant Prism          Conj/Hex       15%        3d11      12%         4
 Manifold Assault         Tloc           31%        N/A       30%         5
 Storm Form               Tmut/Air       4%         N/A       100%        7


Dungeon Overview and Level Annotations

Branches:
Dungeon (7/15)             Temple (0/1) D:4

Altars:
Kikubaaqudgha

Shops:
D:1 ([:   D:5 :   D:6 :

Annotations:
D:4 Menkaure
D:5 4 runed translucent doors, Crazy Yiuf; dang3rdave's ghost, weakling GrDe


Message History

A sourceless malevolence fills the Dungeon...
You fall into a shaft and drop 2 floors!
The shaft crumbles and collapses.
A centaur warrior, 2 giants, a wraith and a tengu warrior come into view.
The fire giant is wielding a +2 great sword of flaming.
The tengu warrior is wielding a +3 long sword and wearing a +1 buckler of reflection.
The centaur warrior shouts!
The fire giant shouts!
The cyclops shouts!
The tengu warrior shouts!
Found 96 gold pieces and a runed shortbow.
You see here a +0 kite shield.
Unknown command.
Okay, then.
As you read the scroll of summoning, it crumbles to dust.
Wisps of shadow whirl around you...
The tengu warrior hits your orc wizard with a +3 long sword!!
Your orc wizard dies!
Your orc wizard's corpse dissolves into shadows!
The fire giant hits your gnoll sergeant with a +2 great sword of flaming!!
The fire giant burns your gnoll sergeant!
Your gnoll sergeant dies!
Your gnoll sergeant's corpse dissolves into shadows!
Your wyvern zombie bites the tengu warrior!
Your gnoll completely misses the fire giant.
Your gnoll hits the tengu warrior with a +0 whip.
Your gnoll hits the tengu warrior with a +0 spear.
Your orc wizard hits the cyclops but does no damage.
The tengu warrior hits your gnoll with a +3 long sword!!
Your gnoll dies!
Your gnoll's corpse dissolves into shadows!
The fire giant points at you and mumbles some strange words.
The fireball explodes!
The fireball engulfs you!
The fireball engulfs your centaur zombie!!!
Your centaur zombie is destroyed!
Your centaur zombie dissolves into shadows!
The fireball engulfs your orc wizard!!
Your orc wizard dies!
Your orc wizard's corpse dissolves into shadows!
The centaur warrior wields a +0 shortbow.
The centaur warrior shoots an arrow.
The arrow hits you!!
Ouch! That really hurt!
You die...

#####
+...$
#....###
#..W..o#
)...go###
#cC.QZ$#
#g..C.o#
#.[..#
#$.@.#
####+#


You could see a fire giant, a tengu warrior (ally target), a centaur warrior, a
cyclops, a wraith, a friendly orc priest (summoned), 2 friendly gnolls, 2
friendly orcs and a friendly wyvern zombie (summoned).

Vanquished Creatures
  Prince Ribbit (D:5)
  Sigmund (D:3)
  A wyvern (D:7)
  An acid dragon (D:5)
  3 water moccasins
  Duvessa (D:6)
  A black bear (D:6)
  2 ogres
  2 centaurs
  A phantom (D:6)
  A kobold brigand (D:7)
  A scorpion (D:5)
  A gnoll sergeant (D:5)
  Dowan (D:6)
  4 wights (D:6)
  A howler monkey (D:7)
  2 bullfrog zombies (D:6)
  5 hounds
  A gnoll shaman (D:7)
  2 orc priests (D:7)
  Jessica (D:3)
  A bullfrog skeleton (D:6)
  2 centaur skeletons
  2 iguanas
  4 orc wizards
  8 gnolls
  4 adders
  3 dart slugs
  16 orcs
  6 bats
  8 endoplasms
  5 giant cockroaches
  5 goblins
  8 hobgoblins
  4 jackals
  9 kobolds
  2 quokkas
  4 ball pythons
  5 frilled lizards
  2 rats
132 creatures vanquished.

Vanquished Creatures (others)
  2 fungi (D:5)
  2 plants (D:5)
4 creatures vanquished.

Grand Total: 136 creatures vanquished

Notes
Turn   | Place    | Note
-------+----------+-------------------------------------------
     0 | D:1      | RepHenryClay the Deep Elf Conjurer began the quest for the
                  | Orb.
     0 | D:1      | Reached XP level 1. HP: 10/10 MP: 6/6
    14 | D:1      | Found Lyrr's Weapon Boutique.
   171 | D:1      | Found Varugiu's Antique Armour Emporium.
   281 | D:1      | Found Zyuqecs's Book Emporium.
   548 | D:1      | Reached XP level 2. HP: 15/15 MP: 5/8
   720 | D:1      | Reached skill level 5 in Conjurations
   796 | D:1      | Learned a level 2 spell: Searing Ray
  1118 | D:2      | Found a faded altar of an unknown god.
  1272 | D:2      | Reached XP level 3. HP: 19/19 MP: 2/9
  2221 | D:3      | Noticed Sigmund
  2224 | D:3      | Reached XP level 4. HP: 24/24 MP: 3/10
  2411 | D:3      | Noticed Jessica
  2418 | D:3      | Killed Jessica
  2631 | D:3      | Killed Sigmund
  2632 | D:3      | Reached XP level 5. HP: 23/28 MP: 2/11
  2632 | D:3      | Reached XP level 6. HP: 26/32 MP: 2/12
  3604 | D:4      | Noticed Menkaure
  3763 | D:5      | Entered Level 5 of the Dungeon
  3838 | D:5      | Reached XP level 7. HP: 36/36 MP: 8/15
  3969 | D:5      | Reached skill level 5 in Dodging
  3999 | D:5      | Reached skill level 5 in Spellcasting
  4120 | D:5      | Learned a level 2 spell: Blink
  4146 | D:5      | Found a runed translucent gate.
  4146 | D:5      | Found a runed translucent gate.
  4146 | D:5      | Found a runed translucent gate.
  4149 | D:5      | Noticed dang3rdave's ghost (weakling GrDe)
  4246 | D:5      | Found an ancient bone altar of Kikubaaqudgha.
  4276 | D:5      | Noticed Prince Ribbit
  4283 | D:5      | Learned a level 4 spell: Iskenderun's Mystic Blast
  4293 | D:5      | Killed Prince Ribbit
  4563 | D:5      | Reached XP level 8. HP: 34/41 MP: 8/19
  4717 | D:5      | Found Xocsoom's Book Shop.
  5108 | D:5      | Found a runed translucent door.
  5109 | D:5      | Noticed Crazy Yiuf
  5494 | D:6      | Reached skill level 1 in Shields
  6050 | D:6      | Noticed Dowan
  6263 | D:6      | Noticed Duvessa
  6285 | D:6      | Killed Duvessa
  6286 | D:6      | Reached XP level 9. HP: 34/45 MP: 10/21
  6287 | D:6      | Killed Dowan
  6486 | D:6      | Found Emegyr's Book Shoppe.
  7103 | D:7      | Reached skill level 1 in Translocations
  7434 | D:7      | Reached skill level 5 in Shields
  7939 | D:7      | You fall into a shaft and drop 2 floors!
  7939 | D:9      | Noticed a centaur warrior
  7939 | D:9      | Noticed a fire giant
  7939 | D:9      | Noticed a cyclops
  7939 | D:9      | Noticed a tengu warrior
  7941 | D:9      | Shot with an arrow by a centaur warrior

Illustrated notes

Levels and vault maps discovered:
D:1:      dpeg_arrival_tiny_c, layout_basic, serial_shops,
          nicolae_shop_bloodbath_and_beyond, nicolae_shop_waterfront, shop,
          chequers_decorated_corner
D:2:      minmay_spotlight, layout_basic, ebering_ecumenical_altar_box,
          corexii_corridor_pit, minivault_4
D:3:      layout_rooms, nicolae_concentric_dashed_squares_mild,
          minmay_misc_feat_doors, uniq_jessica, uniq_sigmund
D:4:      layout_cave_pods, minmay_temple_entry_nine_rooms, uniq_menkaure
D:5:      layout_loops_ring, lemuel_doored_altar, gammafunk_ghost_nasty_kobolds,
          serial_shops, shop, uniq_crazy_yiuf_cottage, uniq_prince_ribbit1
D:6:      layout_loops_corners, serial_shops, nicolae_lakefront_shop,
          uniq_duvessa
D:7:      layout_rooms
D:9:      layout_roguey, kennysheep_little_box,
          chequers_temple_overflow_statue_of_worship, nicolae_rejected_hall,
          uniq_gastronok, uniq_harold, uniq_maurice, uniq_erolcha

Skill      XL: |  1  2  3  4  5  6  7  8  9 |
---------------+----------------------------+-----
Conjurations   | 5 6 8 |  8.1
Dodging        | 4 7 8 |  8.7
Spellcasting   | 4 6 7 |  7.1
Shields        | 4 5 |  5.0
Translocations | 4 |  4.1
Stealth        | |  2.4

Action                   |  1- 3 |  4- 6 |  7- 9 || total
-------------------------+-------+-------+-------++-------
Melee: Unarmed           |       |     3 |       ||     3
       Whip              |       |       |     2 ||     2
 Cast: Magic Dart        |    84 |    44 |    63 ||   191
       Searing Ray       |     1 |     6 |    44 ||    51
       Iskenderun's Myst |       |       |     4 ||     4
  Use: Scroll            |       |     3 |     1 ||     4
Armor: Robe              |     7 |     7 |     8 ||    22
Dodge: Dodged            |     8 |     7 |    32 ||    47
Block: Buckler           |       |       |     4 ||     4

Table legend: (Time is in decaauts)
 A = Elapsed time spent in this place.
 B = Non-inter-level travel time spent in this place.
 C = Inter-level travel time spent in this place.
 D = Time resting spent in this place.
 E = Time spent auto-exploring this place.
 F = Levels seen in this place.
 G = Mean time per level.
                   A        B        C        D        E       F      G
               +--------+--------+--------+--------+--------+-----+--------+
         Total |   7946 |   7591 |    355 |   2373 |   4307 |   8 |  993.2 |
       Dungeon |   7946 |   7591 |    355 |   2373 |   4307 |   8 |  993.2 |
               +--------+--------+--------+--------+--------+-----+--------+

Top non-repeatable levels by time:
     D:5: 1791 daAuts
     D:6: 1770 daAuts
     D:2: 1262 daAuts
     D:1: 1013 daAuts
     D:3: 925 daAuts
     D:7: 618 daAuts
     D:4: 564 daAuts
     D:9: 1 daAuts
